 Dungeon Crawl Stone Soup version 0.19-a0-1091-g463c9de (webtiles) character file.

6195 puppykicker the Cleaver (level 10, -6/90 HPs)
             Began as a Minotaur Berserker on Aug 7, 2016.
             Was a High Priest of Trog.
             Mangled by an orc knight
             ... wielding a +0 glaive
              (25 damage)
             ... in a bailey.
             The game lasted 00:16:56 (8455 turns).

puppykicker the Cleaver (Minotaur Berserker)        Turns: 8455, Time: 00:16:56

Health: -6/90      AC:  8    Str: 27      XL:     10   Next: 61%
Magic:  10/10      EV: 17    Int:  3 (4)  God:    Trog [*****.]
Gold:   507        SH:  0    Dex: 17      Spells: 0 memorised, 9 levels left

rFire  . . .     SeeInvis .     a - +0 war axe
rCold  + + .     Gourm    .     w - +2 leather armour {rC+}
rNeg   . . .     Faith    .     (no shield)
rPois  .         Spirit   .     (helmet restricted)
rElec  .         Dismiss  .     k - +1 cloak
rCorr  .         Reflect  .     B - -1 pair of gloves "Qadwoicw" {Regen+ Dex+3 Stlth+}
SustAt .         Harm     .     (no boots)
MR     .....     Clarity  +     (no amulet)
Stlth  +++.......               e - ring of stealth
                                x - +3 ring of strength

@: mighty
A: retaliatory headbutt, horns 2, clarity, cold resistance 1, deterioration 1,
high mp 1, weak 1
a: Berserk, Trog's Hand, Brothers in Arms, Burn Spellbooks, Renounce Religion


You were in a bailey.
You worshipped Trog.
Trog was extremely pleased with you.
You were not hungry.

You visited 1 branch of the dungeon, and saw 10 of its levels.
You also visited: Bailey.

You collected 507 gold pieces.


Innate Abilities, Weirdness & Mutations

You reflexively headbutt those who attack you in melee.
You have a pair of horns on your head.
You possess an exceptional clarity of mind.
Your flesh is cold resistant. (rC+)
Your body sometimes deteriorates upon taking damage.
You have an increased reservoir of magic. (+10% MP)
You are weak. (Str -2)


   Skills:
 + Level 8.7 Fighting
 + Level 13.5 Axes
 + Level 8.1 Armour
 + Level 7.6 Dodging


You had 9 spell levels left.
You didn't know any spells.

Inventory:

Hand Weapons
 a - a +0 war axe (weapon)
Missiles
 u - 12 poisoned needles
 y - 12 tomahawks (quivered)
 z - 2 throwing nets
Armour
 k - a +1 cloak (worn)
 r - a +0 pair of gloves
 w - a +2 leather armour of cold resistance (worn)
 B - the -1 pair of gloves "Qadwoicw" (worn) {Regen+ Dex+3 Stlth+}
   (You found it on level 4 of the Dungeon)

   It affects your dexterity (+3).
   It increases your rate of regeneration.
   It makes you more stealthy.
 O - a +0 crystal plate armour
Jewellery
 e - a ring of stealth (right hand)
 x - a +3 ring of strength (left hand)
Wands
 q - a wand of flame (19/48)
 v - a wand of disintegration (21/24)
 A - a wand of paralysis (12/24)
 G - a wand of confusion (20/48)
Scrolls
 b - 5 scrolls of remove curse
 f - 4 scrolls of recharging
 h - 4 scrolls of amnesia
 j - a scroll of teleportation {unknown}
 l - 3 scrolls of magic mapping
 n - 2 scrolls of blinking {unknown}
 s - 2 scrolls of enchant armour {unknown}
 F - a scroll of fog {unknown}
 K - a scroll of immolation {unknown}
Potions
 d - 3 potions of lignification {!q}
 g - a potion of cancellation
 i - 2 potions of agility {unknown}
 m - a potion of resistance {unknown}
 o - 4 potions of heal wounds
 p - 2 potions of mutation {unknown}
 t - a potion of flight
 C - a potion of cure mutation
 H - 7 potions of curing
 I - a potion of berserk rage
 L - a potion of invisibility {unknown}
 M - a potion of beneficial mutation {unknown}
 N - a potion of might
Comestibles
 c - 8 bread rations
 D - 3 meat rations
 E - 12 fruits
 J - 8 chunks of flesh {@w1}

Dungeon Overview and Level Annotations

Branches:
Dungeon (10/15)            Temple (0/1) D:7            Lair (0/6) D:8
    Orc: D:9-12

Altars:
Cheibriados
Fedhas
Pakellas
Qazlal
Sif Muna
Vehumet
Xom
Yredelemnul

#.))))..#
#.))))..#
#.......#
#.......#
#...)...#
#.......#
#...)...#
#...)...#
##.))@.##
###o###
#.o.#
#...#
#)..#
#.))#
###'###
##.))).##
#.......#


You could see an orc knight and an orc.


Message History

You headbutt the orc knight!
You kill the orc knight!
Trog accepts your kill.
Your Armour skill increases to level 8!
The orc hits you from afar with a trident!
You hit the orc knight but do no damage.
The orc knight hits you with a glaive!!
* * * LOW HITPOINT WARNING * * *
The orc barely misses you.
Unknown command.
You barely miss the orc knight. You headbutt the orc knight.
The orc knight is lightly wounded.
You closely miss the orc knight.
The orc knight is lightly wounded.
The orc knight hits you with a glaive!!
* * * LOW HITPOINT WARNING * * *
The orc completely misses you.
You barely miss the orc knight.
The orc hits you from afar with a trident.
* * * LOW HITPOINT WARNING * * *
The orc knight barely misses you. You furiously retaliate!
You headbutt the orc knight, but do no damage.
You slash the orc knight!
The orc knight is lightly wounded.
The orc barely misses you.
Unknown command.
You barely miss the orc knight. You headbutt the orc knight!
The orc knight is lightly wounded.
The orc knight hits you with a glaive!!
You die...

Action                   |  1- 3 |  4- 6 |  7- 9 | 10-12 || total
-------------------------+-------+-------+-------+-------++-------
Melee: Hand axe          |    73 |   120 |   118 |       ||   311
       Headbutt          |    12 |    31 |    73 |    26 ||   142
       War axe           |       |       |   184 |   104 ||   288
Throw: Tomahawk          |       |       |     3 |     5 ||     8
Invok: Trog's Hand       |     2 |     1 |       |     1 ||     4
       Brothers in Arms  |       |       |       |     1 ||     1
  Use: Scroll            |     3 |     6 |     2 |     2 ||    13
       Potion            |       |       |       |     1 ||     1
 Stab: Sleeping          |     6 |     2 |    21 |     1 ||    30
       Distracted        |       |       |     2 |       ||     2
  Eat: Chunk             |     3 |     7 |    15 |    10 ||    35
Armor: Animal skin       |    22 |     1 |       |       ||    23
       Robe              |       |     4 |       |       ||     4
       Ring mail         |       |     8 |       |       ||     8
       Leather armour    |       |    10 |    49 |    24 ||    83
Dodge: Dodged            |    58 |    70 |   160 |   117 ||   405

Vault maps used:
D:1:      lemuel_arrival_behind_the_door_small, hangedman_feature_mirror,
          minmay_misc_feat_room
D:2:      nicolae_overflow_crystal_walls, xom_redecorated, ecumenical_altar_2,
          first_bread, glass_columns_a
D:3:      kennysheep_slug_shrine, kennysheep_generic_room_3, uniq_jessica,
          uniq_natasha, uniq_iyjb
D:5:      yredelemnul_forgotten_temple_becter, nicolae_overflow_hidden_temple,
          abandoned_shop, minmay_misc_feat_tiny
D:6:      fedhas_altar_2, uniq_eustachio
D:7:      uniq_joseph
D:8:      tgw_sif, lair_0_dummy, the_bakery, minmay_misc_feat_plants
D:10:     serial_shops, shop, shop, nicolae_shop_stone, shop,
          nicolae_shop_waterfront, special_room, enter_bailey_3, uniq_josephine
Bailey:   bailey_polearm_5, bailey

Notes
Turn   | Place    | Note
-------+----------+-------------------------------------------
     0 | D:1      | puppykicker the Minotaur Berserker began the quest for the Orb.
     0 | D:1      | Reached XP level 1. HP: 19/19 MP: 0/0
   187 | D:1      | Reached skill level 4 in Axes
   436 | D:1      | Reached XP level 2. HP: 26/26 MP: 1/1
  1019 | D:2      | Found a faded altar of an unknown god.
  1087 | D:2      | Reached ** piety under Trog
  1120 | D:2      | Found a shimmering altar of Xom.
  1120 | D:2      | Found a shimmering altar of Xom.
  1126 | D:2      | Found a shimmering altar of Xom.
  1126 | D:2      | Found a shimmering altar of Xom.
  1126 | D:2      | Found a shimmering altar of Xom.
  1126 | D:2      | Found a shimmering altar of Xom.
  1129 | D:2      | Reached skill level 5 in Axes
  1204 | D:2      | Reached XP level 3. HP: 29/31 MP: 2/2
  1783 | D:2      | Found a radiant altar of Vehumet.
  1939 | D:3      | HP: 1/31 [gnoll/spear (6)]
  1969 | D:3      | Reached skill level 6 in Axes
  1969 | D:3      | Reached XP level 4. HP: 30/39 MP: 3/3
  2190 | D:3      | Noticed Jessica
  2197 | D:3      | Killed Jessica
  2354 | D:3      | Noticed Ijyb
  2375 | D:3      | Killed Ijyb
  2375 | D:3      | Reached skill level 7 in Axes
  2375 | D:3      | Reached XP level 5. HP: 39/45 MP: 4/4
  2427 | D:3      | Found a snail-covered altar of Cheibriados.
  2887 | D:3      | Noticed Natasha
  2898 | D:3      | Killed Natasha
  2898 | D:3      | Reached skill level 8 in Axes
  2937 | D:3      | Noticed Natasha
  2941 | D:3      | Killed Natasha
  2941 | D:3      | Reached XP level 6. HP: 51/51 MP: 5/5
  3121 | D:3      | Noticed Natasha
  3130 | D:3      | Killed Natasha
  3181 | D:4      | Reached skill level 9 in Axes
  3418 | D:4      | Reached *** piety under Trog
  3659 | D:4      | Got a pair of dazzling gloves
  3672 | D:4      | Identified the cursed -1 pair of gloves "Qadwoicw" {Regen+ Dex+3 Stlth+} (You found it on level 4 of the Dungeon)
  3752 | D:5      | Entered Level 5 of the Dungeon
  3782 | D:5      | Noticed an ice beast
  3793 | D:5      | Killed an ice beast
  3793 | D:5      | Reached XP level 7. HP: 57/57 MP: 6/6
  3815 | D:5      | Reached skill level 10 in Axes
  3943 | D:5      | Reached skill level 11 in Axes
  4055 | D:5      | Found a basalt altar of Yredelemnul.
  4381 | D:5      | Reached XP level 8. HP: 64/64 MP: 7/7
  4589 | D:5      | Found a stormy altar of Qazlal.
  4591 | D:5      | Found an oddly glowing altar of Pakellas.
  4731 | D:6      | Noticed Eustachio
  4732 | D:6      | Found a blossoming altar of Fedhas.
  5033 | D:6      | Reached skill level 4 in Fighting
  5053 | D:6      | Killed Eustachio
  5053 | D:6      | Reached **** piety under Trog
  5053 | D:6      | Reached skill level 3 in Armour
  5053 | D:6      | Reached skill level 3 in Dodging
  5641 | D:7      | Reached skill level 5 in Fighting
  5641 | D:7      | Reached skill level 12 in Axes
  5641 | D:7      | Reached skill level 4 in Armour
  5747 | D:7      | Noticed Joseph
  5784 | D:7      | Killed Joseph
  5784 | D:7      | Reached skill level 4 in Dodging
  5784 | D:7      | Reached XP level 9. HP: 64/74 MP: 8/8
  5843 | D:7      | Found a staircase to the Ecumenical Temple.
  5955 | D:7      | Reached skill level 5 in Armour
  6531 | D:8      | Reached skill level 6 in Fighting
  6534 | D:8      | Reached skill level 5 in Dodging
  6544 | D:8      | Gained mutation: Your body sometimes deteriorates upon taking damage. [mutagenic meat]
  6547 | D:8      | Gained mutation: You have an increased reservoir of magic. (+10% MP) [mutagenic meat]
  6550 | D:8      | Gained mutation: You passively map a small area around you. [mutagenic meat]
  6553 | D:8      | Gained mutation: Your flesh is cold resistant. (rC+) [mutagenic meat]
  6593 | D:8      | Found a staircase to the Lair.
  6718 | D:8      | Received a gift from Trog
  6770 | D:8      | Reached skill level 6 in Armour
  6866 | D:8      | Reached skill level 7 in Fighting
  6866 | D:8      | Reached skill level 6 in Dodging
  7127 | D:8      | Found a deep blue altar of Sif Muna.
  7180 | D:8      | Reached skill level 13 in Axes
  7279 | D:9      | Noticed a komodo dragon
  7285 | D:9      | Killed a komodo dragon
  7285 | D:9      | Reached ***** piety under Trog
  7344 | D:9      | Reached XP level 10. HP: 86/86 MP: 10/10
  7409 | D:9      | Reached skill level 7 in Armour
  7519 | D:9      | Reached skill level 7 in Dodging
  7524 | D:9      | Reached skill level 8 in Fighting
  7533 | D:9      | Gained mutation: You are weak. (Str -2) [mutagenic meat]
  7539 | D:9      | Lost mutation: You passively map a small area around you. [mutagenic meat]
  7542 | D:9      | Gained mutation: You possess an exceptional clarity of mind. [mutagenic meat]
  7929 | D:10     | Entered Level 10 of the Dungeon
  7964 | D:10     | Found a flagged portal.
  7979 | Bailey   | Entered a bailey
  8396 | Bailey   | Noticed an orc knight
  8396 | Bailey   | Noticed an orc knight
  8396 | Bailey   | Noticed an orc knight
  8449 | Bailey   | Killed an orc knight
  8449 | Bailey   | Reached skill level 8 in Armour
  8455 | Bailey   | Mangled by an orc knight

Vanquished Creatures
  An orc knight (Bailey)
  Joseph (D:7)
  A komodo dragon (D:9)
  A wyvern (D:9)
  A spriggan (D:8)
  7 yaks (D:9)
  Eustachio (D:6)
  A hungry ghost (D:9)
  2 orc warriors
  A black bear (D:7)
  2 sky beasts
  4 phantoms
  2 ice beasts (D:5)
  3 ogres
  A crocodile (D:8)
  4 giant frogs
  A wyvern zombie (D:8)
  5 scorpions
  4 wights (D:8)
  4 crimson imps
  A giant frog zombie (D:6)
  5 hounds
  4 orc wizards
  4 orc priests
  Jessica (D:3)
  Natasha (thrice) (D:3)
  A giant frog skeleton (D:8)
  Ijyb (D:3)
  6 worker ants
  5 iguanas
  2 hound zombies
  A worker ant zombie (D:6)
  12 gnolls
  7 adders
  A howler monkey skeleton (D:5)
  3 shadow imps
  An ooze (D:1)
  2 adder skeletons
  An adder zombie (D:5)
  3 worms
  3 dart slugs
  4 giant geckos
  42 orcs
  2 ball pythons
  5 giant cockroaches
  8 goblins
  A hobgoblin (D:1)
  8 jackals
  6 quokkas
  7 bats
  A giant gecko skeleton (D:3)
  6 giant newts
  7 kobolds
  A quokka skeleton (D:3)
  5 rats
  A spectral orc (D:5)
218 creatures vanquished.

Vanquished Creatures (collateral kills)
  2 orc warriors (Bailey)
  4 orcs (Bailey)
6 creatures vanquished.

Grand Total: 224 creatures vanquished
